[Event "*** Titled Tuesday Blitz"]
[Site "Chess.com"]
[Date "2020.05.26"]
[Round "9"]
[White "SoltaniciR"]
[Black "fabianvivasz"]
[Result "1-0"]
[WhiteElo "2474"]
[BlackElo "2303"]
[TimeControl "180+1"]
[EndTime "11:52:26 PDT"]
[Termination "SoltaniciR won on time"]

1. e4 c5 2. Nf3 d6 3. d4 cxd4 4.
Nxd4 Nf6 5. Nc3 a6 6. Be3 e5 7. Nf3 Qc7 8. a4 Be7 9. a5 Be6 10. Be2 Nbd7 11. Nd5 Nxd5 12. exd5 Bf5 13. c4 O-O 14. O-O Bg6 15. b4 f5 16. Qb3 f4 17.
Bd2 e4 18. Nd4 f3 19. Ne6 Qc8 20. gxf3 Rf6 21. f4 Bf5 22. Kh1 Bxe6 23. dxe6 Nf8 24. c5 Nxe6 25. cxd6 Bxd6 26. Qd5 Bxf4 27. Bxf4 Rxf4 28. Rac1 Qe8 29. Bc4 Rf6 30. Rfe1 Kh8 31. Rxe4 Rc8 32. Rce1 Qf7 33. Rxe6 Rxe6 34. Qxe6 Qf3+ 35.
Kg1 Rf8 36. Bd5 Qxf2+ 37. Kh1 h6 38. Bxb7 Rf6 39. Qe8+ Rf8 40. Qe3 Qf6 41. Bg2 1-0

[Event "*** Titled Tuesday Blitz"]
[Site "Chess.com"]
[Date "2020.05.26"]
[Round "9"]
[White "kuban1991"]
[Black "Escanor89"]
[Result "1-0"]
[WhiteElo "2718"]
[BlackElo "2568"]
[TimeControl "180+1"]
[EndTime "11:52:27 PDT"]
[Termination "kuban1991 won on time"]

1. e4 c5 2. Nc3 Nc6 3. Nge2 d6 4. d3 Nf6 5. h3 g6 6. g4 Bg7 7. Bg2 Rb8 8. f4 O-O 9. Be3 a6 10. Qd2 Nd7 11. h4 Nd4 12. h5 Nxe2 13. Kxe2 Nf6 14. g5 Bg4+ 15. Bf3 Bxf3+ 16. Kxf3 Nxh5 17. Rxh5 gxh5 18. Qh2 f6 19. Qxh5 Qe8 20. Qg4 fxg5 21. Qxg5 e6 22. Rg1 Qf7 23. Ke2 Qf6 24. Qh5 Rbe8 25. Rg5 Kh8 26.
Rg1 Qh6 27. Qf3 Rg8 28. Rh1 Qg6 29. f5 exf5 30. exf5 Qg5 31. Ne4 Rxe4 32. dxe4 Qf6 33. c3 h6 34. Qh5 Kh7 35. Rg1 Rf8 36. Rg6 Qe5 37. Bxh6 Qxe4+ 38. Be3+ Kg8 39. Qg5 Rf7 40. f6 Qc2+ 41. Bd2 Qe4+ 42. Kd1 Rxf6 43. Rxf6 1-0

[Event "*** Titled Tuesday Blitz"]
[Site "Chess.com"]
[Date "2020.05.26"]
[Round "9"]
[White "velemajstor767276"]
[Black "Anton_Demchenko"]
[Result "1/2-1/2"]
[WhiteElo "2599"]
[BlackElo "2817"]
[TimeControl "180+1"]
[EndTime "11:52:27 PDT"]
[Termination "Game drawn - insufficient material"]

1. d4 Nf6 2. Bg5 g6 3. Bxf6 exf6 4. e3 d5 5. g3 c6 6. Bg2 Bd6 7. Ne2 h5 8. h4 Be6 9. Nd2 Nd7 10. b3 Nb6 11.
O-O g5 12. Nf3 Bg4 13. Qd3 Bxf3 14. Bxf3 gxh4 15. Qf5 hxg3 16. fxg3 Qe7 17. Nf4 h4 18. e4 Bxf4 19. Qxf4 dxe4 20. Rae1 Nd5 21. Qf5 Kf8 22. Bxe4 Qd6 23. Bxd5 cxd5 24. Qxf6 Qxf6 25. Rxf6 hxg3 26. Ref1 Rh7 27. R1f5 Rc8 28. Rxd5 Rxc2 29. Rd7 Rxa2 30. Rxb7 a5 31. d5 Kg8 32. d6 Rhh2 33. Rfxf7 Ra1+ 34.
Rf1 Rxf1+ 35. Kxf1 Rf2+ 36. Kg1 Rd2 37. d7 Kf8 38. Rb8+ Ke7 39. Rb5 Kxd7 40. Rxa5 Rd3 41. Rg5 Kc6 42. Kg2 Rxb3 43. Rxg3 Rxg3+ 44. Kxg3 1/2-1/2

[Event "*** Titled Tuesday Blitz"]
[Site "Chess.com"]
[Date "2020.05.26"]
[Round "9"]
[White "PavelChernomordik"]
[Black "ElliPaehtz"]
[Result "1-0"]
[WhiteElo "2267"]
[BlackElo "2480"]
[TimeControl "180+1"]
[EndTime "11:52:28 PDT"]
[Termination "PavelChernomordik won on time"]

1. e4 c5 2. Nc3 Nc6 3. Bb5 Nd4 4.
Bc4 a6 5. a4 e6 6. Nge2 Ne7 7. O-O Nec6 8. d3 g6 9. Nxd4 Nxd4 10. f4 Bg7 11. f5 O-O 12. fxg6 fxg6 13. Bf4 Qe7 14. Qd2 d6 15. Bg5 Qc7 16. Rxf8+ Bxf8 17. Rf1 Bd7 18. Qf2 Bc6 19. Ne2 d5 20.
exd5 exd5 21. Nxd4 cxd4 22. Bb3 Bg7 23. Qh4 Re8 24. Bf6 Bxf6 25. Qxf6 Qg7 26. Qd6 Qe5 27. Qxe5 Rxe5 28. Rf4 g5 29. Rxd4 a5 30. Kf2 Kg7 31. Rg4 h5 32. Rg3 d4 33. c3 Rf5+ 34. Ke1 dxc3 35.
bxc3 Kf6 36. Re3 Bxg2 37. Re6+ Kg7 38. d4 Rf6 39. Re5 Kh6 40. Rxa5 g4 41. Rb5 Bc6 42. Re5 Bf3 43. Re6 Kg5 44. Rxf6 Kxf6 45. Kf2 Kg5 46. d5 h4 47. d6 Bc6 48. Bd5 Bxa4 49. Bxb7 Kf4 50. Bc8 1-0

[Event "*** Titled Tuesday Blitz"]
[Site "Chess.com"]
[Date "2020.05.26"]
[Round "9"]
[White "Belka1989"]
[Black "levallem"]
[Result "0-1"]
[WhiteElo "2327"]
[BlackElo "2175"]
[TimeControl "180+1"]
[EndTime "11:52:28 PDT"]
[Termination "levallem won on time"]

1. e4 c5 2. Nf3 Nc6 3. d4 cxd4 4. Nxd4 g6 5. c4 Nf6 6. Nc3 Nxd4 7. Qxd4 d6 8. Be2 Bg7 9. Be3 O-O 10. Qd2 Be6 11. O-O Qa5 12. Nd5 Qxd2 13. Nxf6+ Bxf6 14. Bxd2 Rac8 15. Rac1 Bxb2 16. Rb1 Bd4 17. Rxb7 Rfe8 18. Rc1 Rc6 19. Bh6 Bb6 20. a4 Bc8 21. Rb8 f6 22. Ra8 Bd7 23.
Rxe8+ Bxe8 24. Bd2 Bc5 25. g3 Kf7 26. Rb1 Bb6 27. a5 Bc5 28. Rb7 a6 29. Bd1 Rc8 30.
Bb3 Bc6 31. Rb6 Bxb6 32. axb6 e6 33. f3 Bb7 34. Bb4 Ke7 35. Kf2 Kd7 36. Ba4+ Bc6 37.
Bc2 Rb8 38. Ba5 Ra8 39. Ke3 Kc8 40. Kd4 Kb7 41. f4 Rd8 42. Bd3 e5+ 43. fxe5 dxe5+ 44. Ke3 Bd7 45. Bc2 Be6 46. Bd3 Rc8 0-1

[Event "*** Titled Tuesday Blitz"]
[Site "Chess.com"]
[Date "2020.05.26"]
[Round "9"]
[White "kingnb"]
[Black "ChessQueen"]
[Result "1-0"]
[WhiteElo "2509"]
[BlackElo "2615"]
[TimeControl "180+1"]
[EndTime "11:52:30 PDT"]
[Termination "kingnb won by resignation"]

1. e4 c6 2. Ne2 d5 3. e5 c5 4. c3 Nc6 5. d4 e6 6. Nd2 Nge7 7. Nf3 Nf5 8. g3 h5 9. h4 Qb6 10. Bh3 g6 11. O-O a5 12. Re1 a4 13. a3 Bd7 14. Rb1 Na5 15. Bg5 Nb3 16. Bf6 Rg8 17. Nf4 Bh6 18. Bxf5 Bxf4 19. Bc2 Bh6 20. Bxb3 axb3 21. dxc5 Qxc5 22. Qxb3 Bb5 23. Nd4 Ba6 24. Qa4+ b5 25. Qb4 Bf8 26. Qxc5 Bxc5 27. b4 Bxd4 28. cxd4 Bb7 29. Rec1 Kd7 30. Rc5 Bc6 31.
Rbc1 Rgc8 32. R1c3 Ra6 33. Kf1 Bb7 34. Rxc8 Bxc8 35.
Ke2 Rc6 36. Rc5 Ra6 37. Rc3 Bb7 38. Ke3 Rc6 39. Rc5 Rxc5 40. bxc5 Bc6 41. Kf4 b4 42. axb4 Bb5 43. Kg5 Ke8 44. Kh6 Kf8 45. f3 Be2 46. g4 Bxf3 47. gxh5 Bxh5 48. b5 Be2 49. b6 Ba6 50. c6 Ke8 1-0

[Event "*** Titled Tuesday Blitz"]
[Site "Chess.com"]
[Date "2020.05.26"]
[Round "9"]
[White "51616516516"]
[Black "Abund"]
[Result "0-1"]
[WhiteElo "2384"]
[BlackElo "2613"]
[TimeControl "180+1"]
[EndTime "11:52:30 PDT"]
[Termination "Abund won on time"]

1. d4 Nf6 2. c4 g6 3. g3 Bg7 4.
Bg2 d5 5. cxd5 Nxd5 6. Nf3 Nb6 7. O-O Nc6 8. Nc3 Nxd4 9. Nxd4 Qxd4 10. a4 O-O 11. a5 Nc4 12. a6 c6 13. Qb3 bxa6 14.
Rd1 Qc5 15. Na4 Qb5 16. Qxb5 axb5 17. Bxc6 Rb8 18. Nc3 a6 19. Bf4 e5 20. Bc1 b4 21.
Nd5 Kh8 22. b3 Nb6 23. Be3 Nxd5 24. Bxd5 f5 25. Bc5 Rd8 26. Kg2 Rxd5 27. Rxd5 Bb7 28. Rd1 Rd8 29. e4 Bxd5 30. exd5 Rb8 31. d6 Bf6 32. d7 Bd8 33. Bd6 Rb5 34. f3 Kg7 35. Re1 Kf6 36. Rd1 Ke6 37. Bf8 a5 38. Bg7 Rd5 39. Bf8 Rxd1 0-1

[Event "*** Titled Tuesday Blitz"]
[Site "Chess.com"]
[Date "2020.05.26"]
[Round "9"]
[White "zmeeed67"]
[Black "SerGo055"]
[Result "0-1"]
[WhiteElo "2450"]
[BlackElo "2572"]
[TimeControl "180+1"]
[EndTime "11:52:30 PDT"]
[Termination "SerGo055 won on time"]

1. d4 Nf6 2. c4 e6 3. Nc3 d5 4.
cxd5 exd5 5. Bg5 c6 6. e3 Be7 7. Bd3 Nbd7 8. Nge2 Nh5 9. Bxe7 Qxe7 10. O-O O-O 11.
a3 f5 12. Nf4 Nxf4 13. exf4 Nf6 14. Re1 Qc7 15. g3 Qb6 16. Bf1 Ne4 17. Rb1 Bd7 18. f3 Nd6 19. Re7 Rf7 20. Re5 Re8 21. Qd2 Rfe7 22.
Rbe1 Kf8 23. Na4 Qc7 24. Nc5 Nf7 25. Rxe7 Rxe7 26. Rxe7 Kxe7 27. Qe3+ Kd8 28. Nd3 Qb6 29. b4 a5 30. Kf2 axb4 31. axb4 Qa7 32. Ne5 Nd6 33. Bd3 Qa2+ 34. Qe2 Qa1 35. Ke3 Kc7 36. h4 g6 37. Qf2 Qc3 38. Qd2 Qa3 39. Kf2 Bc8 40.
Be2 b6 41. Kg2 Ba6 42. Bxa6 Qxa6 43. h5 gxh5 44. Kh3 Qf1+ 45. Kh4 Nc4 46. Qh2 Nxe5 47. fxe5 Qxf3 48. Kg5 Qg4+ 49. Kf6 Kd7 50. e6+ Kd6 0-1

[Event "*** Titled Tuesday Blitz"]
[Site "Chess.com"]
[Date "2020.05.26"]
[Round "9"]
[White "MartinMatthiesen"]
[Black "Nikolaj_6"]
[Result "0-1"]
[WhiteElo "2377"]
[BlackElo "2514"]
[TimeControl "180+1"]
[EndTime "11:52:30 PDT"]
[Termination "Nikolaj_6 won on time"]

1. d4 Nf6 2. c4 c5 3. d5 e6 4. Nc3 exd5 5. cxd5 d6 6. h3 g6 7. Nf3 Bg7 8. e4 O-O 9. Bd3 b5 10. Bxb5 Nxe4 11. Nxe4 Qa5+ 12. Nfd2 Qxb5 13. Nxd6 Qa6 14. N2c4 Nd7 15. O-O Ne5 16. Nxc8 Raxc8 17. Nxe5 Bxe5 18. Re1 Bd4 19. Qf3 Rcd8 20. Bg5 Rd7 21. Be7 Rc8 22.
d6 Bxb2 23. Rab1 Bd4 24. Qd5 Qc6 25. Qc4 Kg7 26. Rb3 Re8 27. Rf3 f5 28. h4 Rxd6 29. h5 Qd5 30. Qxd5 Rxd5 31. Bf6+ Kf7 32. Rxe8 Kxe8 33.
Bxd4 cxd4 34. hxg6 hxg6 35. Kf1 Kd7 36. Ke2 Ke6 37.
Ra3 a5 38. Kd3 Ke5 39. Rb3 Rc5 40. a4 g5 41. Rb8 Rc3+ 42. Kd2 Ra3 43. Rb5+ Ke4 44.
Rxa5 Ra2+ 45. Ke1 Kd3 0-1

[Event "*** Titled Tuesday Blitz"]
[Site "Chess.com"]
[Date "2020.05.26"]
[Round "9"]
[White "Witik"]
[Black "tigra"]
[Result "1-0"]
[WhiteElo "2669"]
[BlackElo "2740"]
[TimeControl "180+1"]
[EndTime "11:52:31 PDT"]
[Termination "Witik won by resignation"]

1. d4 Nf6 2. c4 g6 3. Nc3 d5 4. cxd5 Nxd5 5. e4 Nxc3 6. bxc3 Bg7 7. Bg5 c5 8. Rc1 Nc6 9. d5 h6 10. Be3 Ne5 11. Bxc5 Qa5 12. Bd4 O-O 13. f4 Ng4 14. Nf3 e5 15. fxe5 Re8 16. Bd3 Nxe5 17. O-O Bd7 18.
Nxe5 Bxe5 19. Qf3 Bxd4+ 20. cxd4 Rf8 21. e5 Qxa2 22. Rc7 Rad8 23. d6 Qd2 24. Kh1 a5 25. Bc4 Bf5 26. g4 Qxd4 27. gxf5 g5 28. e6 Qxd6 29.
Rxf7 Rxf7 30. exf7+ Kf8 31. f6 Qb4 32. Qe4 Qc5 33. Qe6 a4 34. Re1 Qc6+ 35. Qxc6 bxc6 36.
Kg2 h5 37. Re7 Ra8 38. Ba2 Rb8 39. Kf3 c5 40. Ke4 c4 41. Bxc4 a3 42. Kf5 Ra8 43.
Re8+ Rxe8 44. fxe8=Q+ 1-0

[Event "*** Titled Tuesday Blitz"]
[Site "Chess.com"]
[Date "2020.05.26"]
[Round "9"]
[White "Chessmatus"]
[Black "Mostii"]
[Result "1-0"]
[WhiteElo "2498"]
[BlackElo "2353"]
[TimeControl "180+1"]
[EndTime "11:52:31 PDT"]
[Termination "Chessmatus won by resignation"]

1. e4 e6 2. d4 d5 3. Nc3 dxe4 4.
Nxe4 Nd7 5. Nf3 Ngf6 6. Nxf6+ Nxf6 7. Bd3 c5 8. Bg5 cxd4 9. Nxd4 Bc5 10. Bb5+ Bd7 11.
Bxf6 gxf6 12. Nxe6 Qa5+ 13. c3 Bxb5 14. Nxc5 O-O 15.
Qg4+ Kh8 16. O-O-O Qxa2 17. Qf5 Qa1+ 18. Kc2 Ba4+ 19. Nxa4 Qxa4+ 20. Kb1 Qc6 21. Rd4 Rg8 22. Rh4 Rg6 23. f3 Kg7 24. Rd1 Re8 25. Qh5 h6 26. Rhd4 Re2 27. R1d2 Re1+ 28. Kc2 a5 29. Qxa5 Qe6 30.
Qc5 Rg5 31. Rd5 Rg6 32. Rd8 Kh7 33. g4 Re2 34. Qf8 Rg7 35. Qh8+ Kg6 36. f4 Qe4+ 37. Kb3 Qe6+ 38. R2d5 Rxb2+ 39. Kxb2 Qe2+ 40. Kb3 f5 41. gxf5+ Kh5 42. R8d6 Rg6 43. fxg6+ Kg4 44. Qd4 Kf3 45. Qd3+ 1-0

[Event "*** Titled Tuesday Blitz"]
[Site "Chess.com"]
[Date "2020.05.26"]
[Round "9"]
[White "HrvojeZagreb"]
[Black "Roenko_Artur"]
[Result "0-1"]
[WhiteElo "2154"]
[BlackElo "2276"]
[TimeControl "180+1"]
[EndTime "11:52:33 PDT"]
[Termination "Roenko_Artur won on time"]

1. d4 Nf6 2. Bf4 c5 3. e3 d5 4. Nc3 e6 5. Nb5 Na6 6. a4 Be7 7. c3 O-O 8. Nf3 Ne4 9. Ne5 f6 10. Nf3 Bd7 11. h4 Be8 12. Nd2 f5 13. Bd3 Bxh4 14. Bxe4 fxe4 15. Nd6 Rxf4 16. exf4 e3 17. Nxe8 exd2+ 18. Qxd2 Be7 19. Nxg7 Kxg7 20. O-O-O Qf8 21. g4 cxd4 22. Qxd4+ Qf6 23. Qd3 Qxf4+ 24. Kb1 Qe4 25. Qxe4 dxe4 26. Rd7 Re8 27. b4 Kg6 28. Rxb7 Nb8 29.
Re1 Nc6 30. Rxe4 Bf6 31. Kc2 Rc8 32. Kb3 Nd8 33. Rxa7 Rxc3+ 34. Ka2 Nc6 35. Rb7 Rc2+ 36. Kb1 Rb2+ 37. Kc1 Ra2 38. a5 Ne5 39. g5 Nd3+ 40.
Kb1 Rb2+ 41. Ka1 Bc3 42. a6 Rxb4+ 43. Ka2 Rxe4 44. Rb3 Ra4+ 45. Kb1 Rxa6 46. Rxc3 Ne5 0-1

[Event "*** Titled Tuesday Blitz"]
[Site "Chess.com"]
[Date "2020.05.26"]
[Round "9"]
[White "Kobalia"]
[Black "RobertoJBM"]
[Result "1/2-1/2"]
[WhiteElo "2777"]
[BlackElo "2588"]
[TimeControl "180+1"]
[EndTime "11:52:34 PDT"]
[Termination "Game drawn by agreement"]

1. e4 c6 2. d4 d5 3. exd5 cxd5 4. Bd3 Nc6 5. c3 g6 6. Bf4 Bh6 7. Ne2 Bxf4 8. Nxf4 Nf6 9. Nd2 Bf5 10. Qf3 Bxd3 11.
Nxd3 O-O 12. h4 Qd6 13. O-O-O b5 14. h5 b4 15. hxg6 fxg6 16. Nxb4 Nxb4 17. cxb4 Qxb4 18. Qe3 Rab8 19. Nb3 a5 20. Rd2 Ne4 21. Rc2 Rbc8 22.
Nc5 Nxc5 23. dxc5 Qf4 24. Re1 Rc7 25. Kb1 Qxe3 26. Rxe3 Rf5 27. Ra3 d4 28. Rxa5 e5 29. b4 e4 30. c6 d3 31. Rd2 Rxa5 32. bxa5 Rxc6 33. f3 exf3 34. gxf3 Rc5 35. a6 Ra5 36. Rxd3 Rxa6 37. Kb2 h5 38. Rd4 Kg7 39. a4 g5 40.
Kc3 h4 41. Rg4 Kf6 42. f4 gxf4 43. Rxf4+ Kg5 44. Rf8 Rxa4 45. Kd3 Rf4 46. Rg8+ Kh5 47. Ke3 Rf7 48. Ke2 h3 49. Rh8+ Kg4 50. Rg8+ Kh4 51. Rh8+ Kg3 52. Rg8+ Kh2 53. Ke1 Kh1 54. Rg6 h2 55. Rg8 Rf6 1/2-1/2

[Event "*** Titled Tuesday Blitz"]
[Site "Chess.com"]
[Date "2020.05.26"]
[Round "9"]
[White "LuckSlayeer"]
[Black "Borsuk_Konstantin"]
[Result "1-0"]
[WhiteElo "2484"]
[BlackElo "2582"]
[TimeControl "180+1"]
[EndTime "11:52:36 PDT"]
[Termination "LuckSlayeer won by resignation"]

1. Nf3 Nf6 2. c4 b6 3. Nc3 Bb7 4. g3 e6 5. Bg2 Bb4 6. O-O O-O 7.
Qc2 a5 8. b3 Re8 9. a3 Bf8 10.
Bb2 e5 11. e3 d6 12. d4 Qc8 13. Rad1 Nbd7 14. dxe5 dxe5 15. Nd5 Nxd5 16. cxd5 e4 17. Ng5 f5 18. Ne6 Nc5 19. Nxf8 Rxf8 20. Qc3 Qd7 21.
d6 c6 22. f3 Ba6 23. Rf2 Bd3 24.
Qe5 Rae8 25. Qd4 Rf7 26. b4 Na4 27. Ba1 c5 28. bxc5 Nxc5 29. fxe4 Bxe4 30. Bxe4 Nxe4 31. Rf4 h5 32. Bb2 Rf6 33. Qd5+ Kh7 34. Bxf6 Nxf6 35. Qxf5+ Qxf5 36. Rxf5 Kg6 37. Rfd5 Nd7 38. R5d3 Re4 39. Kf2 Ra4 40. Rc3 Kf6 41. Rc7 Ke6 42. Rd3 g5 43. Rc8 Ne5 44. Re8+ Kf7 45. Rxe5 1-0

[Event "*** Titled Tuesday Blitz"]
[Site "Chess.com"]
[Date "2020.05.26"]
[Round "9"]
[White "MusicCityMaster"]
[Black "PlayChessSimple"]
[Result "0-1"]
[WhiteElo "2366"]
[BlackElo "2507"]
[TimeControl "180+1"]
[EndTime "11:52:37 PDT"]
[Termination "PlayChessSimple won by resignation"]

1. e4 e6 2. d4 d5 3. Nc3 Nf6 4. e5 Nfd7 5. Nce2 c5 6. c3 Nc6 7.
Nf3 Qb6 8. a3 a5 9. Nf4 a4 10.
h4 Qa5 11. Bd2 Qa7 12. Be3 cxd4 13. cxd4 Nb6 14. Rc1 Bd7 15. Bd3 Na5 16. Rc2 Nbc4 17.
Ng5 Nb3 18. Bxc4 dxc4 19. d5 Qa5+ 20. Kf1 exd5 21. Nxd5 Bc6 22. Nb6 Rd8 23. Qh5 g6 24. Qg4 Qxe5 25. Qxc4 Qf5 26. Kg1 Rd1+ 27. Kh2 Bd6+ 28.
f4 Rxh1+ 29. Kxh1 O-O 30. Rf2 Re8 31. Qc3 h6 32. Nf3 Bxf4 33. Bxf4 Qxf4 34. Nc4 Bxf3 35. Qxf3 Qxh4+ 36. Kg1 Qxc4 37. g3 Qc1+ 38. Kg2 Qc6 39. Qxc6 bxc6 40. Rf4 Ra8 41. Rc4 Ra6 42. Kf3 Nd2+ 43. Ke3 Nxc4+ 44. Kd4 Nxb2 45. Kc5 Nd3+ 46. Kc4 Nf2 47. Kc5 Ne4+ 48. Kc4 Nxg3 49. Kc5 Nf5 50. Kb4 h5 51. Kc4 h4 0-1

[Event "*** Titled Tuesday Blitz"]
[Site "Chess.com"]
[Date "2020.05.26"]
[Round "9"]
[White "MNyuyu"]
[Black "antoszu"]
[Result "0-1"]
[WhiteElo "2309"]
[BlackElo "2498"]
[TimeControl "180+1"]
[EndTime "11:52:37 PDT"]
[Termination "antoszu won by resignation"]

1. d4 Nf6 2. Nf3 e6 3. Bf4 c5 4. e3 d5 5. c3 Nc6 6. Nbd2 cxd4 7. exd4 Nh5 8. Bg3 g6 9. Bd3 Be7 10. Qe2 O-O 11. O-O-O Bd7 12. Ne5 Nxe5 13. Bxe5 f6 14. g4 Ng7 15. Bg3 b5 16. h4 b4 17. c4 dxc4 18. Bxc4 Rc8 19. Kb1 Kh8 20. h5 gxh5 21. gxh5 Qb6 22. h6 Nf5 23. Bd3 Nxd4 24. Qe4 Nf5 25.
Rhg1 Qd4 26. Qe2 e5 27. Nf3 Qb6 28. Nxe5 fxe5 29. Bxe5+ Bf6 30. Ka1 Bxe5 31. Qxe5+ Qf6 32. Qd5 Be6 33. Qa5 b3 34. a3 Rcd8 35. Qxa7 Rd7 36. Qc5 Rfd8 37. Qb5 Nd4 38. Qa6 Rd6 39. Qa7 R6d7 40.
Qa6 Qxh6 41. Rh1 Nc2+ 42. Kb1 Qf6 43. Qb6 Bg8 44. Bxc2 bxc2+ 45. Kxc2 Qxb6 46. Kb1 Rxd1+ 0-1

[Event "*** Titled Tuesday Blitz"]
[Site "Chess.com"]
[Date "2020.05.26"]
[Round "9"]
[White "Julianos82"]
[Black "latixxa"]
[Result "1/2-1/2"]
[WhiteElo "2304"]
[BlackElo "2134"]
[TimeControl "180+1"]
[EndTime "11:52:37 PDT"]
[Termination "Game drawn by repetition"]

1. d4 Nf6 2. Nf3 d5 3. Bf4 e6 4. e3 Bd6 5. Bg3 c5 6. c3 Nc6 7. Nbd2 O-O 8. Bd3 b6 9. Ne5 Bb7 10. f4 Ne7 11. Qf3 Nf5 12. Bf2 Be7 13. O-O Nd6 14.
f5 Nfe4 15. Rad1 exf5 16. Qh3 g6 17. Ndf3 f6 18. Nxg6 hxg6 19. Qh6 Rf7 20. Nh4 g5 21.
Bxe4 fxe4 22. Bg3 gxh4 23. Rf4 Qf8 24. Qxh4 f5 25. Qh5 Rh7 26. Qg6+ Qg7 27. Qe6+ Qf7 28. Qd7 Rd8 29. Qa4 a6 30. Rdf1 Qg6 31. dxc5 bxc5 32. Qb3 Bg5 33. Kh1 Bxf4 34. Bxf4 Rg7 35. g3 Qg4 36. Qb6 Rf8 37. Bxd6 Rh7 38. Be5 Qh5 39.
Qe6+ Rff7 40. Qe8+ Rf8 41. Qe6+ Qf7 42. Qd6 Qh5 43. Qe6+ 1/2-1/2

[Event "*** Titled Tuesday Blitz"]
[Site "Chess.com"]
[Date "2020.05.26"]
[Round "9"]
[White "doons21"]
[Black "yobdc"]
[Result "1/2-1/2"]
[WhiteElo "2485"]
[BlackElo "2122"]
[TimeControl "180+1"]
[EndTime "11:52:38 PDT"]
[Termination "Game drawn by repetition"]

1. e4 e5 2. Nf3 Nc6 3. Bb5 a6 4. Ba4 Nf6 5. Qe2 d6 6. c3 Bd7 7.
O-O Be7 8. Rd1 O-O 9. Bb3 Re8 10. Ng5 Rf8 11. Nf3 Bg4 12. h3 Bh5 13. d4 exd4 14.
cxd4 Re8 15. Nc3 Bf8 16. Bg5 h6 17. Bxf6 Qxf6 18. Nd5 Qd8 19. Nf4 Bxf3 20. Qxf3 Qd7 21. Rac1 Na5 22. Bc2 g6 23. Nd5 Bg7 24. Bb1 Nc6 25.
Nf6+ Bxf6 26. Qxf6 Qe7 27. Qf4 Qg5 28. Qxg5 hxg5 29.
d5 Ne5 30. Rxc7 Rab8 31. f3 Kf8 32. Kf2 Re7 33. Rdc1 Rbe8 34. b3 Rxc7 35. Rxc7 Re7 36. Rxe7 Kxe7 37. Ke3 a5 38. g3 Nd7 39. f4 Kf6 40.
Kd4 gxf4 41. gxf4 g5 42. Ke3 Nc5 43. Bc2 Nd7 44. Kf3 b6 45. a3 gxf4 46. Kxf4 Ne5 47.
h4 Ng6+ 48. Kg4 Ne5+ 49. Kf4 Ng6+ 50. Kg3 Ne5 51. Bd1 Nd3 52. Be2 Ne5 53. Kf4 Ng6+ 54.
Kg3 Ne5 55. b4 axb4 56. axb4 Kg6 57. Kf4 Nd7 58. h5+ Kf6 59. Bg4 Ne5 60. Be2 Nd7 61. Bd1 Ne5 62. Be2 Nd7 1/2-1/2

[Event "*** Titled Tuesday Blitz"]
[Site "Chess.com"]
[Date "2020.05.26"]
[Round "9"]
[White "Quattroporte300"]
[Black "robertofabregas"]
[Result "1-0"]
[WhiteElo "2310"]
[BlackElo "2120"]
[TimeControl "180+1"]
[EndTime "11:52:38 PDT"]
[Termination "Quattroporte300 won by resignation"]

1. e4 c5 2. Nf3 d6 3. d4 cxd4 4. Nxd4 Nf6 5. Nc3 e6 6. g4 h6 7. h4 e5 8. Nf5 Nc6 9. Rg1 a6 10.
Be3 h5 11. g5 Nxe4 12. Nxg7+ Bxg7 13. Nxe4 d5 14. Nf6+ Bxf6 15. gxf6 d4 16. Bg5 Qb6 17. b3 Bf5 18. Bd3 e4 19. Qe2 O-O-O 20. Bc4 Ne5 21. O-O-O Kb8 22. Bf4 Rhe8 23. Rg5 Ka8 24.
Rxf5 d3 25. cxd3 exd3 26. Qe3 Nxc4 27. Qxb6 Nxb6 28. Bc7 Rc8 29. Rc5 Nd7 30. Rc4 Ne5 31. Bxe5 Rxc4+ 32. bxc4 Rxe5 33. Rxd3 Rf5 34. Rd5 Rxf2 35.
Rxh5 Rxf6 36. Kc2 Ka7 37. c5 Rc6 38. Kb3 a5 39. a4 Ka6 40. Kc4 Rf6 41. Rd5 Rf4+ 42.
Rd4 Rf6 43. h5 Rh6 44. Rh4 b6 45. cxb6 Kxb6 46. Kd5 Kc7 47. Ke5 Kd7 48. Kf5 Ke7 49. Kg5 Rb6 50. h6 Rb8 51. h7 Rh8 52. Kh6 f6 53.
Kg7 Ke6 54. Kxh8 1-0

[Event "*** Titled Tuesday Blitz"]
[Site "Chess.com"]
[Date "2020.05.26"]
[Round "9"]
[White "124chess"]
[Black "vanea_03"]
[Result "1/2-1/2"]
[WhiteElo "2756"]
[BlackElo "2689"]
[TimeControl "180+1"]
[EndTime "11:52:40 PDT"]
[Termination "Game drawn - insufficient material"]

1. d4 d5 2. Nf3 a6 3. Bf4 e6 4. e3 Bd6 5. Bg3 Nf6 6. Bd3 c5 7.
c3 Nc6 8. Nbd2 Bxg3 9. hxg3 Qe7 10. Ne5 Nxe5 11. dxe5 Nd7 12. f4 b6 13. Nf3 Bb7 14. Qe2 h6 15. O-O g6 16. e4 c4 17. Bc2 Nc5 18.
exd5 Bxd5 19. Rad1 O-O 20. Nd4 Rad8 21. g4 Rfe8 22.
Qe3 Qh4 23. Qh3 Qxh3 24. gxh3 b5 25. Kf2 Rb8 26. h4 b4 27. Ke3 Kg7 28. h5 a5 29.
hxg6 fxg6 30. f5 bxc3 31. bxc3 Rb2 32. fxg6 Nd3 33. Bxd3 cxd3 34. Rf6 a4 35. a3 Rg2 36. Rxd3 Rxg4 37. Nf5+ exf5 38. Rxd5 Re4+ 39. Kd3 R4xe5 40. Rxf5 Rxf5 41. Rxf5 Kxg6 42. Ra5 h5 43. Rxa4 Kg5 44. Ra7 Rh8 45. Rg7+ Kf4 46. Rg1 h4 47. a4 h3 48.
a5 h2 49. Rh1 Kg3 50. Kc4 Rc8+ 51. Kb4 Rb8+ 52. Ka4 Rc8 53. a6 Rxc3 54. a7 Rc8 55.
Kb5 Ra8 56. Kb6 Kg2 57. Rxh2+ Kxh2 58. Kb7 Rxa7+ 59. Kxa7 1/2-1/2

[Event "*** Titled Tuesday Blitz"]
[Site "Chess.com"]
[Date "2020.05.26"]
[Round "9"]
[White "MomchilPetkov"]
[Black "attack2mateU"]
[Result "0-1"]
[WhiteElo "2542"]
[BlackElo "2682"]
[TimeControl "180+1"]
[EndTime "11:52:40 PDT"]
[Termination "attack2mateU won by checkmate"]

1. d4 Nf6 2. c4 g6 3. Nc3 d5 4.
cxd5 Nxd5 5. e4 Nxc3 6. bxc3 Bg7 7. Nf3 c5 8. Be3 Qa5 9. Qd2 O-O 10. Rc1 Nd7 11. Bd3 Rd8 12. O-O cxd4 13. cxd4 Qxd2 14. Nxd2 Ne5 15. Be2 Nc6 16. d5 Nb4 17. Bc4 b6 18. a3 Na6 19. Bb5 Bb7 20. Bc6 Bxc6 21. Rxc6 Nc5 22.
Bxc5 bxc5 23. Rxc5 e6 24. Nf3 exd5 25. Rxd5 Rxd5 26.
exd5 Rd8 27. Rd1 Kf8 28. g4 Ke7 29. Ng5 h6 30. Ne4 Be5 31. Kg2 f5 32. gxf5 gxf5 33. Ng3 Kf6 34. Kf3 Rc8 35. d6 Ke6 36. d7 Rd8 37. Rd3 a5 38. h3 a4 39. h4 Rxd7 40.
Rxd7 Kxd7 41. Nxf5 Bb2 42. Nxh6 Bxa3 43. Nf5 Bb2 44.
Ne3 a3 45. Nc2 a2 46. Kg4 Ke6 47. Kg5 Kd5 48. f4 Kc4 49. f5 Kb3 50. f6 Bxf6+ 51. Kxf6 Kxc2 52. h5 a1=Q+ 53. Kg6 Qh8 54. h6 Kd3 55. h7 Ke4 56. Kh6 Kf5 57. Kh5 Qxh7# 0-1

[Event "*** Titled Tuesday Blitz"]
[Site "Chess.com"]
[Date "2020.05.26"]
[Round "9"]
[White "lupta_robin"]
[Black "Lagravesamuell"]
[Result "0-1"]
[WhiteElo "2602"]
[BlackElo "2487"]
[TimeControl "180+1"]
[EndTime "11:52:40 PDT"]
[Termination "Lagravesamuell won by resignation"]

1. e4 Nf6 2. e5 Nd5 3. d4 d6 4. c4 Nb6 5. exd6 cxd6 6. Nc3 g6 7. Be3 Bg7 8. Rc1 O-O 9. b3 e5 10. dxe5 dxe5 11. Qxd8 Rxd8 12. c5 N6d7 13. Bc4 Nc6 14. Nf3 h6 15. O-O Nd4 16. b4 a5 17. a3 axb4 18.
axb4 b6 19. Bd5 Ra3 20. Bxd4 exd4 21. Nb5 Ra4 22. Nd6 Rxb4 23. Nxf7 Rf8 24. Nd6+ Kh7 25. Be6 Nxc5 26. Bxc8 Rd8 27. Nf5 Rxc8 28. Nxg7 Kxg7 29. Rfd1 Rd8 30. g3 d3 31. Rd2 Ne4 32. Rdd1 Rd7 33. Kg2 d2 34. Rc2 Rb5 35. h3 Rbd5 36. Rb2 R7d6 37. g4 b5 38. h4 b4 39. Rxb4 Nc3 40.
Rb7+ Kf6 41. g5+ hxg5 42. hxg5+ Kf5 43. Rf7+ Kg4 44. Rxd2 Rxd2 45. Nxd2 Rxd2 46. Rc7 Ne4 47. Rc4 Rxf2+ 48. Kg1 Rf4 0-1

[Event "*** Titled Tuesday Blitz"]
[Site "Chess.com"]
[Date "2020.05.26"]
[Round "9"]
[White "oykuince"]
[Black "kasparicy"]
[Result "1-0"]
[WhiteElo "2058"]
[BlackElo "2287"]
[TimeControl "180+1"]
[EndTime "11:52:40 PDT"]
[Termination "oykuince won by resignation"]

1. e4 c5 2. Nf3 d6 3. c3 Nf6 4. h3 e6 5. Bd3 Be7 6. Bc2 O-O 7. O-O Qc7 8. Re1 b5 9. d4 Bb7 10. e5 Ne8 11. Qd3 g6 12. Qxb5 cxd4 13. exd6 Nxd6 14. Qe2 dxc3 15. Nxc3 Nd7 16. Bh6 Rfe8 17. Rad1 Nf5 18. Bc1 Bf8 19. Bxf5 exf5 20. Qb5 Rxe1+ 21. Rxe1 Bxf3 22.
gxf3 Ne5 23. Qxe5 Bd6 24. Qf6 Bh2+ 25. Kh1 Bf4 26. Bxf4 Qxf4 27. Re7 Qxf3+ 28. Kg1 Rf8 29. Re3 Qb7 30. h4 Qxb2 31. h5 Qb6 32. Qg5 Qd6 33. h6 Rc8 34. Kg2 f6 35. Qh4 f4 36.
Rf3 g5 37. Qg4 Rc7 38. Qf5 Qe5 39. Qxe5 fxe5 40. Nd5 Rc6 41. Ne7+ Kf7 42. Nxc6 Kg6 43. Nxa7 Kf5 44. Nc6 e4 45. Rb3 g4 46. Nd4+ Kg5 47. Ne6+ Kf5 48. Ng7+ Kg5 49. Ne6+ Kf5 50. Nd4+ Kg5 51.
Rb5+ Kxh6 52. Rf5 1-0